 Dungeon Sprint DCSS version 0.21-a0-352-g5b8f553 (webtiles) character file.

36764 Kidiri the Bludgeoner (level 12, -13/127 HPs)
             Began as a Green Draconian Berserker on Oct 10, 2017.
             Was the Champion of Trog.
             Mangled by a ghost moth (23 damage)
             ... called by a spriggan druid
             ... in the Dungeon (Sprint III: "The Ten Rune Challenge").
             The game lasted 00:28:19 (5273 turns).

Kidiri the Bludgeoner (Green Draconian Berserker)   Turns: 5273, Time: 00:28:20

Health: -13/127    AC: 10    Str: 22 (24) XL:     12   Next: 74%
Magic:  0/19       EV: 19    Int:  8 (9)  God:    Trog [******]
Gold:   2611       SH:  0    Dex: 10      Spells: 11/11 levels left

rFire    + . .     SeeInvis .   a - +1 great mace (holy)
rCold    + . .     Gourm    .   (shield currently unavailable)
rNeg     . . .     Faith    .   (armour unavailable)
rPois    +         Spirit   .   y - +1 hat
rElec    .         Reflect  .   (no cloak)
rCorr    .         Harm     .   (no gloves)
MR       .....     Clarity  +   r - +0 pair of boots Stlth +++.......NoTele +
                                (no amulet)
HPRegen  0.31/turn              u - ring of protection from cold
MPRegen  0.16/turn              (no ring)

@: short of breath, berserk cooldown, flying
A: breathe noxious fumes, unfitting armour, big wings, clarity, fire resistance
1, poison resistance, cold-blooded, subdued magic 1, AC +8
}: 1/10 runes: barnacled
a: Breathe Noxious Fumes, Stop Flying, Berserk, Trog's Hand, Brothers in Arms,
Burn Spellbooks, Renounce Religion


You were in the Dungeon.
You worshipped Trog.
Trog was exalted by your worship.
You were not hungry.

You visited 1 branch You collected 2611 gold pieces.

Inventory:

Hand Weapons
 a - a +1 great mace of holy wrath (weapon)
Missiles
 j - 7 poisoned javelins
 A - 15 poisoned needles
 B - 6 silver javelins
 C - 3 steel javelins (quivered)
 D - 3 tomahawks
 E - 8 needles of confusion
 F - 5 javelins
Armour
 r - a +0 pair of boots (worn)
 y - a +1 hat (worn)
Jewellery
 u - a ring of protection from cold (left hand)
Wands
 t - a wand of clouds (4/9)
Scrolls
 h - a scroll of blinking
 k - a scroll of enchant armour {unknown}
 m - a scroll of holy word
 n - 3 scrolls of remove curse
 p - a scroll of identify {unknown}
Potions
 c - a potion of curing
 e - a potion of haste
 f - 2 potions of magic
 g - 2 potions of berserk rage
 i - a potion of might
 l - a potion of mutation
 q - 2 potions of brilliance {unknown}
 v - a potion of agility {unknown}
 w - a potion of cancellation {unknown}
Comestibles
 b - a bread ration
 s - 18 royal jellies


   Skills:
 * Level 17.8 Fighting
 * Level 18.1 Maces & Flails
 + Level 9.1 Throwing
 * Level 15.0 Dodging
 - Level 6.6 Stealth
 + Level 10.0 Evocations


You had 11 spell levels left.
You didn't know any spells.

Dungeon Overview and Level Annotations

Branches:
Dungeon (1/1)

Altars:
Cheibriados
Dithmenos
Elyvilon
Fedhas
Gozag
Hepliaklqana
Kikubaaqudgha
Makhleb
Nemelex Xobeh
Okawaru
Qazlal
Ru
Sif Muna
Trog
Uskayaw
Vehumet
Wu Jian
Xom
Yredelemnul
Zin
The Shining One
Beogh
Jiyva
Lugonu

Shops:
D ?[}?

Annotations:
D exclusion: 4 doors


Innate Abilities, Weirdness & Mutations

You can breathe blasts of noxious fumes.
Your lurid green scales are hard. (AC +8)
You cannot fit into any form of body armour.
Your system is resistant to poisons. (rPois)
You are cold-blooded and may be slowed by cold attacks.
Your large and strong wings let you fly indefinitely.
You possess an exceptional clarity of mind.
Your flesh is heat resistant. (rF+)
Your spells are a little easier to cast, but a little less powerful.


Message History

You feel weakened.
Something stings you but does no damage.
You bludgeon something!!
You feel you are being watched by something.
Something hits you but does no damage. x2; Something stings you.
* * * LOW HITPOINT WARNING * * *
You are lethally poisoned!
Something poisons you!
You hit something. You tail-slap something.
* * * LOW HITPOINT WARNING * * *
You feel very sick.
You feel you are being watched by something.
Something hits you!!
* * * LOW HITPOINT WARNING * * *
Something barely misses you. Something stings you!
* * * LOW HITPOINT WARNING * * *
You feel better.
You feel you are being watched by something.
Something hits you!!
You die...

≈≈+♣♣'♣≈≈≈≈≈≈≈≈≈≈≈≈♣♣..'.#.#.#.#.
..#.)♣♣♣♣♣♣♣♣♣♣♣♣♣♣♣♣..##.#.#.###
♣♣#..♣♣ ♣♣♣##+#####
###'♣♣♣♣♣♣♣♣♣♣♣♣♣♣♣
♣♣♣♣.##..##≈≈≈≈≈≈..#
♣...##.##.#≈≈≈≈≈...#
♣♣.##.##.##'≈≈≈≈§####+#
♣..#.##..)#≈≈..§§§§§§# ♣
♣♣.##.##).#≈.)@#### ♣
♣♣.##.#####...#{iS...# ♣
♣.....##..%...#♣♣♣%_.#
##########+###### ## ........▓
......≈≈▓ .....≈≈≈▓ ≈..≈≈≈≈≈▓
≈≈≈≈≈≈≈≈▓


You could see a water moccasin and a spriggan.

Vanquished Creatures
  A kraken (D)
  Gastronok (D)
  A dire elephant (D)
  2 hydras (D)
  Erica (D)
  A centaur warrior (D)
  2 alligator snapping turtles (D)
  Urug (D)
  2 death yaks (D)
  An orc high priest (D)
  A spriggan druid (D)
  A lindwurm (D)
  An unseen horror (D)
  A deep elf mage (D)
  An orc sorcerer (D)
  2 elephants (D)
  A black mamba (D)
  2 spiny frogs (D)
  A komodo dragon (D)
  A rime drake (D)
  A queen bee (D)
  2 tyrant leeches (D)
  3 wandering mushrooms (D)
  8 blink frogs (D)
  4 snapping turtles (D)
  3 redbacks (D)
  A shadow (D)
  A spriggan (D)
  A spatial vortex (D)
  An orc warrior (D)
  A swamp drake (D)
  A necrophage (D)
  2 centaurs (D)
  An earth elemental (D)
  A water elemental (D)
  27 killer bees (D)
  A jelly (D)
  2 orc priests (D)
  2 orc wizards (D)
  A wizard (D)
  Jessica (D)
  A necromancer (D)
  3 humans (D)
  A kobold demonologist (D)
  An ooze (D)
  A phantom (D)
  6 orcs (D)
  2 rats (D)
  4 fungi (D)
  12 plants (D)
121 creatures vanquished.

Vanquished Creatures (collateral kills)
  Rupert (D)
  A dire elephant (D)
  2 death yaks (D)
  A death drake (D)
  An orc knight (D)
  A black mamba (D)
  An orc warrior (D)
  5 killer bees (D)
  3 orcs (D)
16 creatures vanquished.

Vanquished Creatures (others)
  2 draconian scorchers (D)
  6 hellions (D)
  3 yaktaurs (D)
  An electric eel (D)
  4 plants (D)
  8 tentacles (D)
24 creatures vanquished.

Grand Total: 161 creatures vanquished

Notes
Turn   | Place    | Note
-------+----------+-------------------------------------------
     0 | D        | Kidiri the Draconian Berserker began the quest for the Orb.
     0 | D        | Reached XP level 1. HP: 19/19 MP: 1/1
    87 | D        | Killed a hellion
    88 | D        | Killed a hellion
    96 | D        | Killed a hellion
    98 | D        | Killed a hellion
    99 | D        | Killed a hellion
   118 | D        | Reached ** piety under Trog
   130 | D        | Noticed Jessica
   138 | D        | Killed Jessica
   138 | D        | Reached skill level 5 in Fighting
   138 | D        | Reached skill level 4 in Maces & Flails
   138 | D        | Reached XP level 2. HP: 26/29 MP: 2/2
   138 | D        | Reached XP level 3. HP: 32/36 MP: 3/3
   156 | D        | Killed a white draconian scorcher
   181 | D        | Killed a hellion
   307 | D        | Killed a white draconian scorcher
   323 | D        | Killed a yaktaur
   340 | D        | Reached *** piety under Trog
   340 | D        | Reached skill level 5 in Maces & Flails
   359 | D        | Gained mutation: You are resistant to hostile enchantments. (MR+) [potion of mutation]
   359 | D        | Gained mutation: You have a pair of small antennae on your head. [potion of mutation]
   360 | D        | Lost mutation: You are resistant to hostile enchantments. (MR+) [potion of mutation]
   360 | D        | Lost mutation: You have a pair of small antennae on your head. [potion of mutation]
   360 | D        | Gained mutation: You are frail. (-10% HP) [potion of mutation]
   360 | D        | Gained mutation: Your muscles are strong. (Str +2) [potion of mutation]
   360 | D        | Gained mutation: Your spells are a little easier to cast, but a little less powerful. [potion of mutation]
   360 | D        | Gained mutation: Your large and strong wings let you fly indefinitely. [potion of mutation]
   361 | D        | Lost mutation: Your muscles are strong. (Str +2) [potion of mutation]
   361 | D        | Lost mutation: You are frail. (-10% HP) [potion of mutation]
   361 | D        | Gained mutation: Your flesh is heat resistant. (rF+) [potion of mutation]
   361 | D        | Gained mutation: You possess an exceptional clarity of mind. [potion of mutation]
   443 | D        | Noticed a water elemental
   448 | D        | Killed a water elemental
   448 | D        | Reached skill level 6 in Maces & Flails
   448 | D        | Reached skill level 5 in Dodging
   448 | D        | Reached skill level 1 in Stealth
   448 | D        | Reached XP level 4. HP: 45/45 MP: 4/4
   532 | D        | Found a radiant altar of Vehumet.
   532 | D        | Found a deep blue altar of Sif Muna.
   532 | D        | Found an ancient bone altar of Kikubaaqudgha.
   532 | D        | Noticed a wizard
   533 | D        | Reached **** piety under Trog
   536 | D        | Killed a wizard
   536 | D        | Reached XP level 5. HP: 51/51 MP: 5/5
   539 | D        | Noticed a chaos spawn
   540 | D        | Noticed a chaos spawn
   540 | D        | Reached skill level 7 in Maces & Flails
   640 | D        | Found a glowing silver altar of Zin.
   641 | D        | Found a glowing golden altar of the Shining One.
   641 | D        | Found a white marble altar of Elyvilon.
   641 | D        | Noticed a deep elf mage
   646 | D        | Killed a deep elf mage
   646 | D        | Reached ***** piety under Trog
   646 | D        | Reached skill level 10 in Maces & Flails
   646 | D        | Reached XP level 6. HP: 61/66 MP: 6/6
   646 | D        | Your scales start taking on a lurid green colour.
   646 | D        | Reached XP level 7. HP: 65/71 MP: 7/7
   646 | D        | Gained mutation: Your system is resistant to poisons. (rPois) [Green Draconian growth]
   772 | D        | Found an ornate altar of the Wu Jian Council.
   772 | D        | Found a roughly hewn altar of Beogh.
   772 | D        | Found an iron altar of Okawaru.
   772 | D        | Found a bloodstained altar of Trog.
   772 | D        | Found a hide-covered altar of Uskayaw.
   772 | D        | Noticed a human
   772 | D        | Noticed a human
   783 | D        | Killed a human
   783 | D        | Reached skill level 10 in Fighting
   787 | D        | Killed a human
   787 | D        | Reached skill level 11 in Maces & Flails
   839 | D        | Found a basalt altar of Yredelemnul.
   839 | D        | Found a shadowy altar of Dithmenos.
   839 | D        | Found a sacrificial altar of Ru.
   887 | D        | Noticed a shadow
   894 | D        | Killed a shadow
   894 | D        | Reached XP level 8. HP: 74/79 MP: 8/8
   912 | D        | Found a blossoming altar of Fedhas.
   912 | D        | Found a stormy altar of Qazlal.
   913 | D        | Found a snail-covered altar of Cheibriados.
   913 | D        | Found a burning altar of Makhleb.
   913 | D        | Found a hazy altar of Hepliaklqana.
   913 | D        | Found a shimmering altar of Xom.
   913 | D        | Found an opulent altar of Gozag.
   913 | D        | Found a sparkling altar of Nemelex Xobeh.
   913 | D        | Found a corrupted altar of Lugonu.
   913 | D        | Found a viscous altar of Jiyva.
   925 | D        | Reached skill level 12 in Maces & Flails
   925 | D        | Reached skill level 5 in Stealth
   951 | D        | Noticed Erica
   971 | D        | Killed Erica
   971 | D        | Reached ****** piety under Trog
   971 | D        | Received a gift from Trog
   971 | D        | Reached skill level 13 in Maces & Flails
  1072 | D        | Reached XP level 9. HP: 87/87 MP: 9/9
  1127 | D        | Noticed a centaur warrior
  1136 | D        | Received a gift from Trog
  1136 | D        | Reached skill level 1 in Throwing
  1136 | D        | Reached skill level 1 in Evocations
  1145 | D        | Killed a centaur warrior
  1314 | D        | Killed an unseen horror
  1314 | D        | Reached skill level 14 in Maces & Flails
  1314 | D        | Reached skill level 10 in Dodging
  1443 | D        | Noticed a queen bee
  1452 | D        | Received a gift from Trog
  1459 | D        | Received a gift from Trog
  1468 | D        | Received a gift from Trog
  1468 | D        | Reached XP level 10. HP: 94/98 MP: 11/13
  1494 | D        | Received a gift from Trog
  1653 | D        | Reached skill level 5 in Evocations
  1679 | D        | Noticed a spiny frog
  1679 | D        | Noticed a spiny frog
  1683 | D        | Killed a spiny frog
  1689 | D        | Killed a spiny frog
  1689 | D        | Received a gift from Trog
  1695 | D        | Reached skill level 15 in Maces & Flails
  1834 | D        | Reached skill level 5 in Throwing
  2008 | D        | Noticed a lindwurm
  2016 | D        | Killed a lindwurm
  2109 | D        | Received a gift from Trog
  2183 | D        | Noticed Urug
  2192 | D        | Killed Urug
  2192 | D        | Reached XP level 11. HP: 82/109 MP: 15/15
  2685 | D        | Noticed Rupert
  2695 | D        | Killed Rupert
  2695 | D        | Received a gift from Trog
  2695 | D        | Reached skill level 15 in Fighting
  2695 | D        | Reached skill level 16 in Maces & Flails
  2783 | D        | Noticed a death yak
  2784 | D        | Noticed a death yak
  2789 | D        | Noticed a death yak
  2796 | D        | Killed a death yak
  2801 | D        | Noticed a death yak
  2807 | D        | Killed a death yak
  2812 | D        | Killed a death yak
  2817 | D        | Killed a death yak
  3028 | D        | Noticed an azure jelly
  3028 | D        | Noticed an azure jelly
  3038 | D        | Noticed an azure jelly
  3038 | D        | Noticed an azure jelly
  3039 | D        | Received a gift from Trog
  3271 | D        | Noticed a kraken
  3464 | D        | Killed a kraken
  3913 | D        | Found Vorossat's Gadget Shop.
  3913 | D        | Found Itubb's Antique Armour Boutique.
  3913 | D        | Found Nisuc's Magic Scroll Shoppe.
  3913 | D        | Noticed an alligator snapping turtle
  3913 | D        | Noticed an alligator snapping turtle
  3934 | D        | Received a gift from Trog
  3938 | D        | Reached skill level 17 in Maces & Flails
  4112 | D        | Killed an alligator snapping turtle
  4112 | D        | Reached XP level 12. HP: 108/122 MP: 18/18
  4393 | D        | Killed an alligator snapping turtle
  4398 | D        | Got a barnacled rune of Zot
  4547 | D        | Noticed a dire elephant
  4547 | D        | Noticed a dire elephant
  4547 | D        | Noticed Gastronok
  4549 | D        | Killed a dire elephant
  4555 | D        | Killed Gastronok
  4555 | D        | Received a gift from Trog
  4563 | D        | Killed a dire elephant
  4735 | D        | Found Duda Hekk's Magic Scroll Boutique.
  4736 | D        | Noticed an orc high priest
  4743 | D        | Received a gift from Trog
  4744 | D        | Received a gift from Trog
  4755 | D        | Killed an orc high priest
  4757 | D        | Received a gift from Trog
  4768 | D        | Received a gift from Trog
  4790 | D        | Got a fine short sword {god gift}
  4960 | D        | Noticed a five-headed hydra
  4960 | D        | Noticed a seven-headed hydra
  4971 | D        | Killed a five-headed hydra
  4976 | D        | Killed a seven-headed hydra
  4976 | D        | Received a gift from Trog
  4976 | D        | Reached skill level 18 in Maces & Flails
  4982 | D        | Identified the +12 short sword "Spider's Undoing" {flame, Dex-5 SInv Stlth+} (Trog gifted it to you in the Dungeon)
  5254 | D        | Found a blossoming altar of Fedhas.
  5254 | D        | Paralysed by a spriggan for 4 turns
  5265 | D        | Reached skill level 15 in Dodging
  5266 | D        | Reached skill level 10 in Evocations
  5272 | D        | HP: 4/127 [something (14)]
  5273 | D        | Mangled by a ghost moth

Vault maps used:
D:        dungeon_sprint_mu

Skill      XL: |  1  2  3  4  5  6  7  8  9 10 11 12 |
---------------+-------------------------------------+-----
Dodging        | 4 5 7 8 9 10 12 13 15 | 15.0
Fighting       | 5 6 9 10 11 12 14 16 17 | 17.8
Maces & Flails | 4 6 10 11 13 14 15 17 18 | 18.1
Stealth        | 1 2 4 6 |  6.6
Throwing       | 3 5 7 9 |  9.1
Evocations     | 4 6 8 10 | 10.0

Action                   |  1- 3 |  4- 6 |  7- 9 | 10-12 || total
-------------------------+-------+-------+-------+-------++-------
Melee: Mace              |    36 |     5 |    74 |       ||   115
       Tailslap          |     5 |     2 |    24 |    58 ||    89
       Dire flail        |       |       |    27 |    31 ||    58
       Great mace        |       |       |       |   271 ||   271
Throw: Javelin           |       |       |       |     2 ||     2
Invok: Berserk           |     1 |     2 |     2 |    11 ||    16
       Burn Spellbooks   |       |     1 |       |       ||     1
       Brothers in Arms  |       |       |       |     6 ||     6
 Abil: Breathe Noxious F |       |       |     7 |    18 ||    25
       Fly               |       |       |       |     1 ||     1
  Use: Potion            |     3 |       |       |     2 ||     5
       Scroll            |       |       |     2 |       ||     2
 Stab: Sleeping          |     1 |       |     1 |     5 ||     7
       Confused          |       |       |    10 |    11 ||    21
  Eat: Royal jelly       |       |     1 |       |     6 ||     7
       Chunk             |       |       |     5 |    14 ||    19
       Fruit             |       |       |       |     3 ||     3
Armor: Skin              |     9 |       |    10 |    37 ||    56
Dodge: Dodged            |    18 |     2 |    34 |   167 ||   221

Table legend:
 A = Spawn XP
 B = Non-spawn XP
 C = Spawn XP percentage of total XP
 D = Spawn monster count
 E = Non-spawn monster count
 F = Spawn count percentage of total count
 G = Total turns spent on level
                    A         B        C        D         E        F      G
               +---------+---------+-------+---------+---------+-------+---------
         Total |       0 |   33949 |   0.0 |       0 |     121 |   0.0 |  5273
               +---------+---------+-------+---------+---------+-------+---------
             D |       0 |   33949 |   0.0 |       0 |     121 |   0.0 |  5273
               +---------+---------+-------+---------+---------+-------+---------
